 Dungeon Crawl Stone Soup version 0.31-a0-692-gf03d1854d5 (webtiles) character file.

Game seed: 15842148246496087387

61 qw the Shooter (level 4, -1/28 HPs)
             Began as a Gargoyle Hunter on Sept 6, 2023.
             Slain by Sigmund
             ... wielding a +0 scythe
              (8 damage)
             ... on level 2 of the Dungeon.
             The game lasted 00:00:29 (1249 turns).

qw the Shooter (Gargoyle Hunter)                    Turns: 1249, Time: 00:00:30

Health: -1/28      AC:  7    Str: 15    XL:     4   Next: 7%
Magic:  4/4        EV: 11    Int:  9    God:
Gold:   100        SH:  0    Dex: 15    Spells: 3/3 levels left

rFire   . . .        Y - +0 shortbow
rCold   . . .        (shield currently unavailable)
rNeg    + . .        c - +0 leather armour
rPois   inf          (no helmet)
rElec   +            (no cloak)
rCorr   .            (no gloves)
SInv    .            d - +0 pair of boots
Will    .....        (no amulet)
Stlth   ++           (no ring)
HPRegen 0.24/turn    (no ring)
MPRegen 0.09/turn

%: no passive effects
@: no status effects
A: sickness immunity, AC +3, negative energy resistance 1, electricity
resistance, torment resistance 1, petrification resistance
a: no special abilities


You were on level 2 of the Dungeon.
You visited 1 branch of the dungeon, and saw 2 of its levels.

You collected 100 gold pieces.


Innate Abilities, Weirdness & Mutations

You are immune to sickness and miasma.
Your stone body is resilient. (AC +3)
You are immune to poison.
You resist negative energy. (rN+)
You are resistant to electric shocks. (rElec)
You are resistant to unholy torment.
You are immune to petrification.


   Skills:
 - Level 3.0 Fighting
 + Level 5.2 Ranged Weapons
 - Level 1.5 Dodging
 - Level 1.1 Stealth


You had 3 spell levels left.
You didn't know any spells.
Your spell library was empty.

Inventory:

Hand Weapons
 Y - a +0 shortbow (weapon)
Armour
 a - a scarf of shadows
 c - a +0 leather armour (worn)
 d - a +0 pair of boots (worn)
Scrolls
 b - a scroll of vulnerability {unknown}
 f - a scroll of summoning {unknown}
 h - a scroll of identify
Potions
 e - 3 potions of curing {unknown}
 g - a potion of resistance {unknown}
 i - a potion of berserk rage {unknown}
 j - a potion of lignification {unknown}

Dungeon Overview and Level Annotations

Branches:
Dungeon (2/15)

Altars:
Nemelex Xobeh

Annotations:
D:2 Sigmund


Message History

You hear a shout!
You shoot an arrow. The arrow hits Sigmund.
Sigmund is heavily wounded.
You shoot an arrow. The arrow hits Sigmund!
Sigmund is severely wounded.
Sigmund barely misses you.
You shoot an arrow. The arrow hits Sigmund.
Sigmund is almost dead.
Sigmund says, "Your kind have come here before.
I understand now why.
You desire death..."
Sigmund hits you but does no damage.
You shoot an arrow. The arrow closely misses Sigmund.
Sigmund closely misses you.
You shoot an arrow. The arrow hits Sigmund.
Sigmund is almost dead.
You shoot an arrow. The arrow closely misses Sigmund.
Sigmund gestures at you while chanting. The magic dart hits you.
You shoot an arrow. The arrow closely misses Sigmund.
Sigmund is suddenly surrounded by pale green light.
Sigmund casts a spell at you.
You are confused.
Sigmund hits you but does no damage. Sigmund barely misses you.
Sigmund gestures wildly while chanting.
Sigmund flickers and vanishes!
Deactivating autopickup; reactivate with Ctrl-A.
You shoot an arrow.
You feel less confused. Something hits you.
You shoot an arrow. Something hits you but does no damage.
You shoot an arrow.
You hear some strange, mumbled words.
A puff of flame appears from out of thin air!
The puff of flame hits you.
You shoot an arrow. Something hits you!
You shoot an arrow. Something hits you!
You die...

#.........##. ...
###.........##. ...
...........'.. ..
#.........##. ..
#.........##.
.######.........##.
{...##.........##.
#........###......
#@.......# #.#####
#........# #.#
#........###.##
#.............#
###..........(# #
#...........# #
###.._........# #
#.............# #
##########
#.............# #


There were no monsters in sight!

Vanquished Creatures
  3 gnolls (D:2)
  A dart slug (D:1)
  5 endoplasms
  3 giant cockroaches
  4 goblins (D:2)
  A hobgoblin (D:2)
  4 kobolds
  3 ball pythons
  2 bats
  2 frilled lizards (D:2)
  2 rats (D:2)
30 creatures vanquished.

Notes
Turn   | Place    | Note
-------+----------+-------------------------------------------
     0 | D:1      | qw the Gargoyle Hunter began the quest for the Orb.
     0 | D:1      | Reached XP level 1. HP: 12/12 MP: 1/1
     0 | D:1      | 0 ||| qw: Version: 0.3-a-76-g4403597
     0 | D:1      | 0 ||| qw: Game counter: 305
     0 | D:1      | 0 ||| qw: Melee chars always use a shield: true
     0 | D:1      | 0 ||| qw: God list: Okawaru
     0 | D:1      | 0 ||| qw: Allow faded altars: false
     0 | D:1      | 0 ||| qw: Do Orc after clearing Dungeon:15 true
     0 | D:1      | 0 ||| qw: Do second Lair branch before Depths: true
     0 | D:1      | 0 ||| qw: Lair rune preference: random
     0 | D:1      | 0 ||| qw: Goals: Normal
     0 | D:1      | 0 ||| PLANNING D:1-11
   313 | D:1      | 313 ||| DROPPING +2 sling of freezing.
   340 | D:1      | Reached XP level 2. HP: 17/17 MP: 2/2
   549 | D:1      | 549 ||| UPGRADING to +0 pair of boots.
   554 | D:1      | 554 ||| READING scroll labelled CIGEHO NURUIMN.
   555 | D:1      | 555 ||| READING scroll labelled XESIAMUNEA.
   556 | D:1      | 556 ||| READING scroll labelled FAETHRU INWYO.
   557 | D:1      | 557 ||| DROPPING scroll of butterflies.
   573 | D:2      | 573 ||| STAIRDANCE
   597 | D:2      | 597 ||| STAIRDANCE
   744 | D:2      | 744 ||| RETREATING.
   748 | D:2      | 748 ||| Stepping ~*~*~tactically~*~*~ (retreating).
   749 | D:2      | 749 ||| Stepping ~*~*~tactically~*~*~ (retreating).
   750 | D:2      | 750 ||| Stepping ~*~*~tactically~*~*~ (retreating).
   751 | D:2      | 751 ||| Stepping ~*~*~tactically~*~*~ (retreating).
   752 | D:2      | 752 ||| Stepping ~*~*~tactically~*~*~ (retreating).
   753 | D:2      | 753 ||| Stepping ~*~*~tactically~*~*~ (retreating).
   767 | D:2      | HP: 2/17 [gnoll/+0 flail (4)]
   770 | D:2      | Reached skill level 5 in Ranged Weapons
   770 | D:2      | Reached XP level 3. HP: 3/21 MP: 3/3
   772 | D:2      | HP: 2/22 [gnoll/+0 whip (2)]
   885 | D:2      | Reached skill level 3 in Fighting
   976 | D:2      | Reached XP level 4. HP: 22/28 MP: 4/4
  1010 | D:2      | Found a sparkling altar of Nemelex Xobeh.
  1036 | D:2      | Found the +7 Throatcutter {drain, coup de grace}
  1232 | D:2      | Noticed Sigmund
  1248 | D:2      | HP: 7/28 [something (8)]
  1249 | D:2      | Slain by Sigmund

Levels and vault maps discovered:
D:1:      dpeg_arrival_prison, layout_basic
D:2:      layout_basic, basic_altar, uniq_sigmund

Skill      XL: |  1  2  3 |
---------------+----------+-----
Ranged Weapons | 5 |  5.2
Fighting       | 3 |  3.0
Dodging        | |  1.5
Stealth        | |  1.1

Action                     |  1- 3 |  4- 6 || total
---------------------------+-------+-------++-------
   Fire: Shortbow          |    84 |    19 ||   103
    Use: Scroll            |     3 |       ||     3
 Armour: Leather armour    |    26 |     8 ||    34
  Dodge: Dodged            |    32 |     3 ||    35

Table legend:
 A = Non-vault XP
 B = Vault XP
 C = Vault XP percentage of total XP
 D = Non-vault monster count
 E = Vault monster count
 F = Vault count percentage of total count
                 A         B        C        D         E       F
            +---------+---------+-------+---------+---------+-------
      Total |      84 |       4 |   4.5 |      28 |       2 |   6.7
            +---------+---------+-------+---------+---------+-------
        D:1 |      14 |       4 |  22.2 |       7 |       2 |  22.2
        D:2 |      70 |       0 |   0.0 |      21 |       0 |   0.0
            +---------+---------+-------+---------+---------+-------
